cohdb
Replays
Latest Replays
All Replays
Popular Replays
Top Player Replays
Match Explorer
How It Works
Community
CoH3 Stats
Reddit
Sign in to upload your games and track your stats! →
Sign in with Steam
Match 40599090
Unlisted
Match 40599090
Overview
Messages
Build Orders
End
Kradschützen Motorcycle Team
Panzergrenadier Squad
Panzergrenadier Squad
Construct Light Support Kompanie
MG34 Team
Panzerjäger Squad
Construct Mechanized Kompanie
Selects Panzerjäger Kommand Battlegroup
Selects Mine Fields
Selects Tank Busters
Assault Mechanized Group
8 Rad Armored Car
8 Rad Armored Car
Panzerpioneer Squad
2.5-tonne Medical Truck
REGULATOR
GeeNo
0
0
Comments
sign in to comment!
No comments posted yet!